Cogmind - Beta 10.2 @@@ ROGUE MODE // 2021.12.10 @ 13:47:10 Player: Phaethon Result: Self-destructed Performance ------------- Evolutions (3) 1500 Regions Visited (9) 1800 Robots Destroyed (102) 510 Value Destroyed (3045) 3045 Prototype IDs (39) 780 Alien Tech Used (0) 0 Bonus (770) 770 TOTAL SCORE: 8405 Bonus ------- High Alert Combat Kills 108 Follower Combat Kills 130 Aligned with FarCom 300 Met Data Miner 300 Friendly Fire -68 Cogmind --------- Core Integrity 448/700 Matter 176/300 Energy 122/325 System Corruption 3% Temperature Cool (0) Movement Treading (180) Ox1 Location -7/Data Miner Parts ------- > --- POWER (1) -------- Antimatter Reactor > --- PROPULSION (4) --- Light Treads Light Treads Light Treads Medium Treads > --- UTILITY (6) ------ High-capacity Storage Unit High-capacity Storage Unit Improved Medium Armor Plating Hacking Suite Bomb Drone Bay (5/16) > --- WEAPON (2) ------- Proton Missile Launcher Katana > --- INVENTORY (20) --- Fission Core Light Treads Armored Treads Armored Treads Large Storage Unit Improved Salvage Targeting Computer Hardened Medium Armor Plating Hardened Medium Armor Plating Reactive Plating Precision Shock Rifle Precision Shock Rifle Improved EM Pulse Cannon Heavy Ion Cannon Enhanced Autogun Gauss Rifle Flak Gun Flak Gun Makeshift Shrapnel Gun Heavy Rocket Launcher Power Maul Peak State ------------ > --- POWER ------------ Antimatter Reactor > --- PROPULSION ------- Light Treads Light Treads Light Treads Medium Treads > --- UTILITY ---------- High-capacity Storage Unit High-capacity Storage Unit Improved Medium Armor Plating Hacking Suite Bomb Drone Bay > --- WEAPON ----------- Proton Missile Launcher Katana > --- INVENTORY -------- Fission Core Light Treads Armored Treads Armored Treads Large Storage Unit Improved Salvage Targeting Computer Hardened Medium Armor Plating Hardened Medium Armor Plating Reactive Plating Precision Shock Rifle Precision Shock Rifle Improved EM Pulse Cannon Heavy Ion Cannon Enhanced Autogun Gauss Rifle Flak Gun Flak Gun Makeshift Shrapnel Gun Heavy Rocket Launcher Power Maul [Rating: 51] Favorites ----------- Power Improved Ion Engine Engine Improved Ion Engine Power Core Micro Nuclear Core Reactor Antimatter Reactor Propulsion Light Treads Treads Light Treads Leg Aluminum Leg Utility High-capacity Storage Unit Device Bomb Drone Bay Storage High-capacity Storage Unit Hackware Hacking Suite Protection Reactive Plating Weapon Beam Cannon Energy Gun Precision Shock Rifle Energy Cannon Beam Cannon Ballistic Gun Light Assault Rifle Launcher Grenade Launcher Special Weapon Mining Laser Impact Weapon Power Maul Slashing Weapon Katana Build | -11 -10 -10 -10 -9 -8 -7 -7 -7 -7 ------- Run | Scr Mat Min Exi Min Mat Fac Low Low Dat Slots Evolved 6 | . . . . . 4 2 . . . Power . | . . . . . . . . . . Propulsion 2 | . . . . . 1 1 . . . Utility 4 | . . . . . 3 1 . . . Weapon . | . . . . . . . . . . Parts Attached 106 | 1 12 5 3 3 19 46 6 2 9 Power 10 | . 2 2 . . 1 3 1 . 1 Engine 8 | . 2 2 . . 1 2 1 . . Core 1 | . . . . . . 1 . . . Reactor 1 | . . . . . . . . . 1 Propulsion 25 | . 3 2 . . 4 11 2 . 3 Treads 22 | . . 2 . . 4 11 2 . 3 Leg 3 | . 3 . . . . . . . . Wheel . | . . . . . . . . . . Hover . | . . . . . . . . . . Flight . | . . . . . . . . . . Utility 22 | 1 2 . 3 . 5 8 1 . 2 Device 2 | . . . . . 1 . . . 1 Storage 8 | 1 2 . 3 . 1 1 . . . Processor . | . . . . . . . . . . Hackware 1 | . . . . . 1 . . . . Protection 11 | . . . . . 2 7 1 . 1 Artifact . | . . . . . . . . . . Weapon 49 | . 5 1 . 3 9 24 2 2 3 Energy Gun 10 | . 1 . . . 2 5 1 1 . Energy Cannon 9 | . 2 . . 1 . 5 1 . . Ballistic Gun 18 | . 1 1 . 1 4 11 . . . Ballistic Cannon . | . . . . . . . . . . Launcher 6 | . 1 . . 1 2 . . 1 1 Special Weapon 1 | . . . . . 1 . . . . Impact Weapon 4 | . . . . . . 3 . . 1 Slashing Weapon 1 | . . . . . . . . . 1 Piercing Weapon . | . . . . . . . . . . Special Melee Weapon . | . . . . . . . . . . Unidentified Prototypes 3 | . . . . . 1 2 . . . Parts Lost 9 | . 2 . . 1 . 5 1 . . Power 1 | . . . . . . 1 . . . Propulsion 3 | . . . . . . 3 . . . Utility 2 | . . . . . . 1 1 . . Weapon 3 | . 2 . . 1 . . . . . Highest Loss Streak 2 | . 1 . . 1 . 2 1 . . Average Slot Usage (%) 97 | . 99 99 100 99 96 96 100 100 92 Engine 9 | . 14 14 14 14 9 6 7 7 7 Treads 25 | . . 27 28 28 27 29 30 30 30 Leg 3 | . 28 . . . . . . . . Storage 25 | . 28 28 28 28 26 23 23 23 21 Hackware 4 | . . . . . 6 7 7 7 7 Protection 7 | . . . . . 8 12 15 15 6 Energy Gun 3 | . 2 . . . 8 4 1 6 3 Energy Cannon 5 | . 10 14 14 12 . 1 1 7 3 Ballistic Gun 9 | . 14 13 14 3 7 9 10 . . Launcher 1 | . . . . 11 . . . . 1 Naked Turns . | . . . . . . . . . . Heaviest Build 119 | 16 43 45 75 77 103 119 114 114 114 Greatest Support 88 | 20 20 40 40 40 64 88 88 88 88 Greatest Overweight (x) 2 | . 2 2 1 1 1 1 1 1 1 Average Overweight (x) 1 | . 1 1 1 1 1 1 1 1 . Largest Inventory Capacity 26 | 8 16 16 20 20 26 26 26 26 26 Average Capacity 22 | 7 13 16 16 20 25 26 26 26 24 Most Carried 26 | 8 16 16 18 20 26 26 26 26 26 Average Carried 21 | 6 12 15 16 19 24 25 25 26 23 Final Capacity 26 | 8 16 16 20 20 26 26 26 26 20 Final Carried 26 | 8 16 16 18 20 26 26 26 26 20 Class Distribution -------------------- 71% | Hauler-Mutant 28% | Mutant Dominant Class ---------------- Mutant | -10/Materials Mutant | -10/Mines Mutant | -10/Exiles Hauler-Mutant | -9/Mines Hauler-Mutant | -8/Materials Hauler-Mutant | -7/Factory Hauler-Mutant | -7/Lower Caves Hauler-Mutant | -7/Lower Caves Hauler-Mutant | -7/Data Miner Resources | -11 -10 -10 -10 -9 -8 -7 -7 -7 -7 ----------- Run | Scr Mat Min Exi Min Mat Fac Low Low Dat Matter Collected 2473 | 216 328 65 . 226 230 1036 309 63 . Remotely . | . . . . . . . . . . Salvage Created 3944 | 81 705 16 . 127 288 1972 333 422 . Parts 226 | 4 58 . . 10 15 106 17 16 . Haulers Intercepted 9 | . 1 . . . 3 5 . . . Recyclers Shooed 2 | . 2 . . . . . . . . Parts Field Recycled . | . . . . . . . . . . Retrieved Matter . | . . . . . . . . . . Parts Self-Destructed 22 | . . . . . . . 14 8 . Prevented 8 | . . . . . . . . 8 . Kills | -11 -10 -10 -10 -9 -8 -7 -7 -7 -7 ------- Run | Scr Mat Min Exi Min Mat Fac Low Low Dat Combat Hostiles Destroyed 82 | . 17 1 . 11 7 30 7 9 . Guns 45 | . 9 . . 1 3 25 6 1 . Cannons 18 | . 8 1 . 1 . 2 . 6 . AOE 17 | . . . . 9 4 2 . 2 . Classes Destroyed 15 | 1 7 . . 1 . 5 1 . . Worker 5 | . 2 . . 2 . 1 . . . Builder 2 | . 1 . . . . 1 . . . Tunneler 1 | . . . . . . 1 . . . Hauler 9 | . 1 . . . 3 5 . . . Recycler 3 | 1 1 . . . . 1 . . . Operator 4 | . 2 . . . . 2 . . . Watcher 3 | . 3 . . . . . . . . Swarmer 21 | . 9 1 . 1 4 . 2 4 . Grunt 38 | . 8 . . 3 3 18 2 4 . Duelist 3 | . . . . . . 1 1 1 . Sentry 6 | . . . . . . 5 1 . . Hunter 1 | . . . . . . 1 . . . Programmer 5 | . . . . . . 5 . . . Assembled 7 | . . . . 7 . . . . . Mutant 1 | . . . . . . . 1 . . Best Kill Streak 7 | 1 5 1 . 4 4 7 3 4 . Combat Bots Only 7 | . 4 1 . 4 4 7 3 4 . Max Kills in Single Turn 4 | 1 1 1 . 2 4 1 1 3 . Gunslinging . | . . . . . . . . . . Exploded 4 | . . . . 2 4 1 . 2 . Melee . | . . . . . . . . . . Uniques/NPCs Destroyed . | . . . . . . . . . . Combat | -11 -10 -10 -10 -9 -8 -7 -7 -7 -7 -------- Run | Scr Mat Min Exi Min Mat Fac Low Low Dat Damage Taken 4175 | . 506 31 . 321 199 2212 610 296 . Core 393 | . 84 . . 44 13 136 73 43 . Absorbed by Shields 8 | . . . . . . 8 . . . Core Remaining (%) 81 | 100 . . . 48 97 . . . . Volleys Fired 300 | 2 78 5 1 31 32 114 24 12 1 Largest 2 | 2 2 2 1 2 2 2 2 2 1 Hottest 124 | 60 80 80 60 90 100 124 124 124 39 Shots Fired 531 | 4 140 10 1 43 58 206 45 23 1 Gun 389 | 4 80 5 . 11 50 187 43 9 . Cannon 115 | . 60 5 1 16 . 19 2 12 . Launcher 21 | . . . . 16 2 . . 2 1 Special 6 | . . . . . 6 . . . . Kinetic 308 | 2 77 5 . 11 24 149 40 . . Thermal 130 | 2 63 5 1 16 32 11 . . . Explosive 18 | . . . . 16 2 . . . . Electromagnetic 75 | . . . . . . 46 5 23 1 Robot Hit Streak 25 | 2 10 10 . 8 22 25 13 19 . Robot Miss Streak 6 | 1 4 3 . 2 3 5 6 1 . Penetration Max . | . . . . . . . . . . Secondary Targets 2 | . . . . . 1 1 . . . Max Gunslinging Chain 1 | . . . . . 1 1 . . . Shots Hit Robots 392 | 3 92 6 . 27 41 164 38 19 2 Core Hits 262 | 2 37 2 . 24 21 133 29 14 . Critical Hits 1 | . . . . . . 1 . . . Critical Kills 1 | . . . . . . 1 . . . Critical Parts Destroyed . | . . . . . . . . . . Melee Attacks 7 | . . . . . . 3 . . 4 Impact 6 | . . . . . . 3 . . 3 Slashing 1 | . . . . . . . . . 1 Piercing . | . . . . . . . . . . Sneak Attacks 2 | . . . . . . . . . 2 Combat Hostiles . | . . . . . . . . . . Follow-up Attacks 1 | . . . . . . . . . 1 Damage Inflicted 8598 | 33 1361 66 . 1207 838 3595 726 655 117 Guns 5180 | 33 617 25 . 60 517 3107 667 154 . Cannons 1593 | . 744 36 . 236 . 246 59 272 . Explosions 1623 | . . . . 911 234 242 . 229 7 Melee 110 | . . . . . . . . . 110 Ramming 14 | . . 5 . . 9 . . . . Kinetic 4008 | 22 583 25 . 60 158 2557 603 . . Thermal 1882 | 11 778 36 . 236 437 242 . 142 . Explosive 1145 | . . . . 911 234 . . . . Electromagnetic 1439 | . . . . . . 796 123 513 7 Impact . | . . . . . . . . . . Slashing 110 | . . . . . . . . . 110 Piercing . | . . . . . . . . . . Highest Corruption 3 | . . . . . . 3 3 3 3 Average Corruption 2 | . . . . . . 2 3 3 3 Corruption Purged . | . . . . . . . . . . Effects 65 | . . . . . . 27 13 19 6 Message Errors 17 | . . . . . . 8 4 4 1 Matter Fused 13 | . . . . . . 2 3 4 4 Heat Flow Errors 10 | . . . . . . 3 2 5 . Energy Discharges 9 | . . . . . . 5 1 2 1 Data Loss (minor) 8 | . . . . . . 3 1 4 . Targeting Errors 4 | . . . . . . 4 . . . Weapon Failures 4 | . . . . . . 2 2 . . Overload Shots . | . . . . . . . . . . Overflow Damage 133 | . 22 . . 56 . . . 5 50 Projectiles 42 | . 22 . . 15 . . . 5 . Explosions 41 | . . . . 41 . . . . . Melee 50 | . . . . . . . . . 50 Knockbacks . | . . . . . . . . . . Impact . | . . . . . . . . . . Kinetic . | . . . . . . . . . . Secondary . | . . . . . . . . . . Self-Inflicted Damage 157 | . . . . 76 . 31 . 50 . Shots 7 | . . . . 4 . 1 . 2 . Rammed 2 | . . 1 . . 1 . . . . Targets Rammed 2 | . . 1 . . 1 . . . . Kicked . | . . . . . . . . . . Crushed . | . . . . . . . . . . Highest Temperature 378 | . 234 107 22 180 266 378 233 309 . Average Temperature 81 | . 70 50 12 50 69 94 51 120 . Received Heat Transfer 1482 | . 192 . . 87 117 810 213 63 . Effects 3 | . . . . . . 1 2 . . Shutdowns 1 | . . . . . . 1 . . . Interference 2 | . . . . . . . 2 . . Siege Activations . | . . . . . . . . . . Robots Corrupted 3 | . . . . . . 2 1 . . Combat Hostiles 2 | . . . . . . 1 1 . . Parts Fried 8 | . . . . . . 3 2 3 . Impact Corruptions . | . . . . . . . . . . Robots Melted . | . . . . . . . . . . Combat Hostiles . | . . . . . . . . . . Parts Melted 1 | . 1 . . . . . . . . Heat Transferred 3636 | 25 1629 74 . 481 927 300 . 200 . Parts Sabotaged . | . . . . . . . . . . Parts Stolen . | . . . . . . . . . . Parts Stripped . | . . . . . . . . . . Power Chain Reactions 5 | . . . . . . 3 . 2 . Missiles Intercepted . | . . . . . . . . . . Alert | -11 -10 -10 -10 -9 -8 -7 -7 -7 -7 ------- Run | Scr Mat Min Exi Min Mat Fac Low Low Dat Peak Influence 531 | 5 359 145 . 186 152 531 . . . Initial 130 | . 3 130 . . 19 3 . . . Average 125 | 4 162 70 . 81 56 162 . . . Maximum Alert Level 2 | . 1 . . . . 2 . . . Low Security (%) 77 | 100 60 100 . 100 100 64 . . . Level 1 15 | . 40 . . . . 21 . . . Level 2 6 | . . . . . . 14 . . . Level 3 . | . . . . . . . . . . Level 4 . | . . . . . . . . . . Level 5 . | . . . . . . . . . . High Security . | . . . . . . . . . . Max Security . | . . . . . . . . . . Squads Dispatched 22 | . 4 . . 1 1 16 . . . Investigation 4 | . 2 . . . . 2 . . . Extermination 5 | . . . . . . 5 . . . Reinforcement 9 | . 2 . . 1 . 6 . . . Assault 1 | . . . . . 1 . . . . Garrison 3 | . . . . . . 3 . . . Intercept . | . . . . . . . . . . Construction Impeded 1 | . . . . 1 . . . . . Haulers Reinforced 2 | . . . . . . 2 . . . Stealth | -11 -10 -10 -10 -9 -8 -7 -7 -7 -7 --------- Run | Scr Mat Min Exi Min Mat Fac Low Low Dat Distress Signals 8 | . 4 . . . . 4 . . . Communications Jammed . | . . . . . . . . . . Distress Signals . | . . . . . . . . . . Times Spotted 137 | . 32 7 . 22 8 46 9 11 2 Peak Tracking Total 10 | . 5 2 . 10 5 7 4 4 2 Tactical Retreats 14 | . 5 . . 2 2 1 1 3 . Traps | -11 -10 -10 -10 -9 -8 -7 -7 -7 -7 ------- Run | Scr Mat Min Exi Min Mat Fac Low Low Dat Traps Triggered 4 | . 2 . . . . 2 . . . Indirectly . | . . . . . . . . . . Trap Hack Attempts . | . . . . . . . . . . Triggered . | . . . . . . . . . . Disarmed . | . . . . . . . . . . Reprogrammed . | . . . . . . . . . . Reused 1 | . . . . . 1 . . . . Traps Extracted . | . . . . . . . . . . Installed 2 | . . . . . 2 . . . . Triggered 1 | . . . . . 1 . . . . Exploded 2 | . . . 2 . . . . . . Machines | -11 -10 -10 -10 -9 -8 -7 -7 -7 -7 ---------- Run | Scr Mat Min Exi Min Mat Fac Low Low Dat Machines Disabled 5 | . 2 . 1 . . 1 1 . . Max in Single Turn 1 | . 1 . 1 . . 1 1 . . Garrison Access 1 | . . . . . 1 . . . . Machines Sabotaged . | . . . . . . . . . . Garrisons Compromised . | . . . . . . . . . . Overloaded Fab Kills . | . . . . . . . . . . Fab Network Shutdowns . | . . . . . . . . . . Hacking | -11 -10 -10 -10 -9 -8 -7 -7 -7 -7 --------- Run | Scr Mat Min Exi Min Mat Fac Low Low Dat Machines Accessed 23 | . 6 1 2 . 3 7 . . 4 Terminals 15 | . 6 . . . 3 6 . . . Fabricators . | . . . . . . . . . . Repair Stations . | . . . . . . . . . . Recycling Units . | . . . . . . . . . . Scanalyzers 1 | . . . . . . 1 . . . Garrison Access . | . . . . . . . . . . Total Hacks 84 | . 22 1 2 . 11 21 . . 27 Successful 63 | . 12 1 2 . 6 15 . . 27 Failed 21 | . 10 . . . 5 6 . . . Catastrophic 2 | . 1 . . . . 1 . . . Database Lockouts . | . . . . . . . . . . Manual 42 | . 21 . 1 . 7 13 . . . Terminals 52 | . 22 . . . 11 19 . . . Fabricators . | . . . . . . . . . . Repair Stations . | . . . . . . . . . . Recycling Units . | . . . . . . . . . . Scanalyzers 2 | . . . . . . 2 . . . Garrison Access . | . . . . . . . . . . Terminal Hacks 43 | . 5 1 2 . 2 6 . . 27 Record 12 | . . . 1 . . . . . 11 Part Schematic 9 | . . . . . . 3 . . 6 Robot Schematic 7 | . . . . . . . . . 7 Robot Analysis 6 | . 5 . . . . 1 . . . Prototype ID Bank 4 | . . . . . 1 . . . 3 Open Door 1 | . . 1 . . . . . . . Branch Access Points 2 | . . . . . 1 1 . . . Machine Index 1 | . . . . . . 1 . . . EX-Prototype ID Bank 1 | . . . 1 . . . . . . Fabricator Hacks . | . . . . . . . . . . Repair Station Hacks . | . . . . . . . . . . Recycling Unit Hacks . | . . . . . . . . . . Scanalyzer 2 | . . . . . . 2 . . . Insert Component 2 | . . . . . . 2 . . . Garrison Access Hacks . | . . . . . . . . . . Unauthorized Hacks 18 | . 7 . . . 4 7 . . . Terminals 18 | . 7 . . . 4 7 . . . Track 2 | . 1 . . . . 1 . . . Assimilate 3 | . . . . . 2 1 . . . Botnet 11 | . 5 . . . 2 4 . . . Operators 2 | . 1 . . . . 1 . . . Fabricators . | . . . . . . . . . . Repair Stations . | . . . . . . . . . . Recycling Units . | . . . . . . . . . . Scanalyzers . | . . . . . . . . . . Garrison Access . | . . . . . . . . . . Data Cores Recovered . | . . . . . . . . . . Used . | . . . . . . . . . . Hacking Detections 16 | . 6 . . . 3 7 . . . Full Trace Events 1 | . . . . . . 1 . . . Feedback Events . | . . . . . . . . . . Feedback Blocked . | . . . . . . . . . . Robot Schematics Acquired 7 | . . . . . . . . . 7 Robots Built . | . . . . . . . . . . Matter . | . . . . . . . . . . Time . | . . . . . . . . . . Total Robot Build Rating . | . . . . . . . . . . Part Schematics Acquired 9 | . . . . . . 3 . . 6 Parts Built . | . . . . . . . . . . Matter . | . . . . . . . . . . Time . | . . . . . . . . . . Total Part Build Rating . | . . . . . . . . . . Parts Repaired . | . . . . . . . . . . Time . | . . . . . . . . . . Parts Recycled . | . . . . . . . . . . Recycled Matter . | . . . . . . . . . . Retrieved Matter . | . . . . . . . . . . Retrieved Components . | . . . . . . . . . . Parts Scanalyzed . | . . . . . . . . . . Part Schematics Acquired . | . . . . . . . . . . Parts Damaged . | . . . . . . . . . . Bothacking | -11 -10 -10 -10 -9 -8 -7 -7 -7 -7 ------------ Run | Scr Mat Min Exi Min Mat Fac Low Low Dat Used RIF Installer . | . . . . . . . . . . Robots Hacked . | . . . . . . . . . . Non-combat . | . . . . . . . . . . Combat . | . . . . . . . . . . Robot Hacks Applied . | . . . . . . . . . . Relay Couplers Released 1 | . . . . . 1 . . . . Machine Destruction 1 | . . . . . 1 . . . . Robots Rewired . | . . . . . . . . . . Allies Hacked . | . . . . . . . . . . Hacks Repelled . | . . . . . . . . . . Allies | -11 -10 -10 -10 -9 -8 -7 -7 -7 -7 -------- Run | Scr Mat Min Exi Min Mat Fac Low Low Dat Total Allies 6 | . . 3 . 1 2 . . . . Largest Group 3 | . . 3 2 2 1 1 . . . Highest-Rated Group 47 | . . 40 32 47 10 10 . . . Highest-Rated Ally 31 | . . 16 16 31 10 10 . . . Total Orders 8 | . . . . . 1 2 . . 5 STAY 5 | . . . . . . 1 . . 4 ROAM 1 | . . . . . 1 . . . . FOLLOW 1 | . . . . . . 1 . . . RETURN 1 | . . . . . . . . . 1 Ally Attacks 58 | . . 11 . 37 . . . . 10 Total Damage 446 | . . 77 . 369 . . . . . Kills 15 | . . 4 . 11 . . . . . Allies Corrupted . | . . . . . . . . . . Allies Melted . | . . . . . . . . . . Intel | -11 -10 -10 -10 -9 -8 -7 -7 -7 -7 ------- Run | Scr Mat Min Exi Min Mat Fac Low Low Dat Robot Analysis Total 6 | . 5 . . . . 1 . . . Derelict Logs Recovered 6 | . . 2 . 1 . . 1 2 . Drone Launches 16 | . . . . . . . . . 16 Drone Recoveries 5 | . . . . . . . . . 5 Exploration | -11 -10 -10 -10 -9 -8 -7 -7 -7 -7 ------------- Run | Scr Mat Min Exi Min Mat Fac Low Low Dat Turns Passed 10446 | 23 1160 1296 562 792 1022 3665 725 853 348 Spaces Moved 5156 | 12 554 693 309 387 494 1742 355 440 170 Core . | . . . . . . . . . . Treads 4583 | . . 686 309 387 494 1742 355 440 170 Legs 573 | 12 554 7 . . . . . . . Wheels . | . . . . . . . . . . Hover . | . . . . . . . . . . Flight . | . . . . . . . . . . Fastest Speed 120 | 120 120 180 180 180 170 170 182 182 160 Average Speed 175 | 120 156 180 180 180 172 176 182 182 180 Slowest Speed 185 | 120 180 180 180 180 180 182 182 182 185 Overloaded Moves . | . . . . . . . . . . Propulsion Burnouts . | . . . . . . . . . . Robots Hopped . | . . . . . . . . . . Cave-ins Triggered . | . . . . . . . . . . Exploration Rate (%) 60 | 2 84 99 65 73 34 49 60 63 78 Regions Visited 9 Branch Regions 6 Pre-discovered Areas 3 | . . 1 1 . . . . . 1 Known Exits Taken 1 | . . . . . . 1 . . . Unknown Exits Taken 8 | 1 1 1 1 1 1 . 1 1 . Scrap Searched 5 | . . 1 . 2 . . . 2 . Spaces Dug 34 | . . . . 14 10 8 . . 2 Terrain Destroyed 164 | . . . . 114 21 23 . 4 2 Melee 5 | . . . . . . 3 . . 2 Projectile 11 | . . . . . 3 8 . . . AOE 148 | . . . . 114 18 12 . 4 . Terrain Rammed . | . . . . . . . . . . Walls Destroyed . | . . . . . . . . . . Machines Disabled . | . . . . . . . . . . Actions | -11 -10 -10 -10 -9 -8 -7 -7 -7 -7 --------- Run | Scr Mat Min Exi Min Mat Fac Low Low Dat Total 6035 | 16 708 740 315 441 600 2145 397 468 205 Wait 286 | . 43 13 . 16 24 154 9 15 12 Move 5147 | 11 553 692 308 386 493 1741 354 439 170 Hop . | . . . . . . . . . . Pick Up 82 | 2 12 10 1 4 15 36 1 . 1 Fast Attach 17 | 1 1 1 . . 6 7 . . 1 Attach 17 | . 2 1 . 1 2 8 1 . 2 Detach 3 | . . . . . . 2 . . 1 Swap 72 | . 9 3 3 2 11 31 5 2 6 Drop 99 | . 10 14 2 1 14 47 3 . 8 Fire 300 | 2 78 5 1 31 32 114 24 12 1 Melee 6 | . . . . . . 3 . . 3 Ram . | . . . . . . . . . . Kick . | . . . . . . . . . . Crush 2 | . . 1 . . 1 . . . . Escape Stasis 2 | . . . . . . 2 . . . Rewire . | . . . . . . . . . . Trap 2 | . . . . . 2 . . . . Miscellaneous . | . . . . . . . . . . Route ------- -11/Scrapyard -10/Materials (discovered 4 exits: [*Mat x2] / *Min x2) -10/Mines (discovered 3 exits: [*Mat x2] / *Exi) -10/Exiles -9/Mines -8/Materials -7/Factory (discovered 2 exits: *Low x2) -7/Lower Caves -7/Lower Caves (discovered 2 exits: [*Fac] / *Dat) -7/Data Miner (discovered 1 exit: [*Pro]) History --------- Turn | Location | Event 8 | -11/Scrapyard | Discovered new exit (range 3) 24 | -11/Scrapyard | Entered Materials 256 | -10/Materials | Discovered new exit (range 15) 309 | -10/Materials | Build established: Mutant 559 | -10/Materials | Discovered new exit (range 7) 662 | -10/Materials | Discovered new exit (range 14) 1101 | -10/Materials | Discovered new exit (range 3) 1184 | -10/Materials | Entered Mines 1186 | -10/Mines | Met a Derelict bent on vengeance 1188 | -10/Mines | Joined a pair of Derelicts in attacking an 0b10 outpost 1352 | -10/Mines | Assisted by bots powering up and referring to "LRC-V3" 1574 | -10/Mines | Learned Materials garrison access intel 1686 | -10/Mines | Discovered new exit (range 8) 1809 | -10/Mines | Found a hidden stash of uninstalled traps 2119 | -10/Mines | Discovered new exit (range 7) 2146 | -10/Mines | Found the Drone Emporium 2155 | -10/Mines | Found Prototype Device 2286 | -10/Mines | Learned location of Storage (-9) 2315 | -10/Mines | Deemed a non-threat by the Exiles lab entrance 2315 | -10/Mines | Discovered new exit (range 5) 2435 | -10/Mines | Learned Materials terminal intel 2480 | -10/Mines | Entered Exiles 2480 | -10/Exiles | Accompanied by 2 allies 2524 | -10/Exiles | Met 8R-AWN 2554 | -10/Exiles | Met EX-HEX 2603 | -10/Exiles | Met EX-BIN 2757 | -10/Exiles | Aligned with FarCom system 2759 | -10/Exiles | Given EX-Vault access code 2801 | -10/Exiles | Opened EX-Vault 2842 | -10/Exiles | Warned to stay clear of 0b10 Research branches 2874 | -10/Exiles | Exiles lab attacked by MAIN.C 2901 | -10/Exiles | Learned location of Zion (-6) 3024 | -10/Exiles | Discovered new exit (range 12) 3042 | -10/Exiles | Entered Mines 3042 | -9/Mines | Accompanied by 2 allies 3043 | -9/Mines | Assembled infested the area 3048 | -9/Mines | Assisted by a Guerilla fighting off Assembled 3141 | -9/Mines | Core integrity fell below 50% 3197 | -9/Mines | Received a Mining Laser from a helpful Derelict 3200 | -9/Mines | Discovered new exit (range 7) 3256 | -9/Mines | Build established: Hauler-Mutant 3312 | -9/Mines | Learned Materials stockpile data 3487 | -9/Mines | Received a Rocket Launcher from a helpful Derelict 3834 | -9/Mines | Entered Materials 3834 | -8/Materials | Evolved 4 slots: Propulsion x1, Utility x3 3836 | -8/Materials | Loaded intel: 12 terminal locations 3837 | -8/Materials | Loaded intel: 1 garrison access location 4425 | -8/Materials | Discovered new exit (range 8) 4856 | -8/Materials | Entered Factory 4856 | -7/Factory | Accompanied by 1 ally 4856 | -7/Factory | Evolved 2 slots: Propulsion x1, Utility x1 5125 | -7/Factory | Identified Bomb Drone Bay 6881 | -7/Factory | Identified exit to Lower Caves 7945 | -7/Factory | Garrison activated, responded to threat 8031 | -7/Factory | Destroyed 7 combat bots 8521 | -7/Factory | Entered Lower Caves 8655 | -7/Lower Caves | Attracted the attention of an 0b10 checkpoint 8715 | -7/Lower Caves | Learned Factory emergency access door positions 9039 | -7/Lower Caves | Attacked by a delusional Derelict stockpiling parts 9219 | -7/Lower Caves | Discovered new exit (range 8) 9246 | -7/Lower Caves | Entered another Lower Caves area 9342 | -7/Lower Caves | Discovered new exit (range 12) 9375 | -7/Lower Caves | Learned 4 Factory zone layouts 9427 | -7/Lower Caves | Encountered a Warlord checkpoint 9451 | -7/Lower Caves | Learned 4 Factory zone layouts 9979 | -7/Lower Caves | Discovered new exit (range 9) 10099 | -7/Lower Caves | Entered Data Miner 10099 | -7/Data Miner | Discovered new exit (range 7) 10134 | -7/Data Miner | Met Data Miner 10178 | -7/Data Miner | Acquired the access code to Warlord's prototype stash 10178 | -7/Data Miner | Learned location of Section 7 (-3) 10194 | -7/Data Miner | Received God Mode back door access code from Data Miner 10388 | -7/Data Miner | Data Conduit disabled 10447 | -7/Data Miner | Self-destructed Last Messages --------------- 10402_ Bomb Drone detonates. 10402_ Bomb Drone destroyed. 10402_ Bomb Drone detonates. 10402_ Bomb Drone destroyed. 10402_ Enhanced Grunt destroyed. 10403_ Bomb Drone released from Bomb Drone Bay. 10403_ The unstable cave ceiling collapses. 10404_ Bomb Drone released from Bomb Drone Bay. 10404_ The unstable cave ceiling collapses. 10404_ Bomb Drone detonates. 10404_ Bomb Drone destroyed. 10404_ Enhanced Grunt destroyed. 10404_ Acquired Reactive Plating. 10405_ Bomb Drone retrieved by Bomb Drone Bay. 10410_ The unstable cave ceiling collapses. 10424_ Lyr. Medium Armor Plating crushed. 10425_ The unstable cave ceiling collapses. 10437_